 Dungeon Crawl Stone Soup version 0.23.2-40-g277498a001 (webtiles) character file.

Game seed: 8772238374519338414

1463 Glamhuggeren the Carver (level 8, -2/60 HPs)
             Began as a Demonspawn Fighter on Oct 10, 2019.
             Was a Follower of Okawaru.
             Killed by nerve-wracking pain
             ... invoked by an orc priest
              (9 damage)
             ... on level 5 of the Dungeon.
             The game lasted 00:23:28 (6463 turns).

Glamhuggeren the Carver (Demonspawn Fighter)        Turns: 6463, Time: 00:23:29

Health: -2/60      AC: 16    Str: 24    XL:     8   Next: 48%
Magic:  6/8        EV: 18    Int:  9    God:    Okawaru [*.....]
Gold:   181        SH: 13    Dex: 17    Spells: 7/7 levels left

rFire    . . .     SeeInvis .   x - +0 mace of Wiofufig {pain, *Slow rElec Str+4}
rCold    + . .     Gourm    .   c - +1 shield
rNeg     . . .     Faith    .   p - +0 ring mail
rPois    .         Spirit   .   (no helmet)
rElec    +         Reflect  .   (no cloak)
rCorr    .         Harm     .   (no gloves)
MR       .....                  (no boots)
Stlth    +++.......             (no amulet)
HPRegen  0.20/turn              (no ring)
MPRegen  0.11/turn              w - ring of protection from cold

@: agile, lethally poisoned (-2 -> -7), heroism, sanguine armour
A: demonic guardian 1, sanguine armour 2
a: Heroism, Renounce Religion


You were on level 5 of the Dungeon.
You worshipped Okawaru.
Okawaru was aware of your devotion.
You were not hungry.

You visited 2 branches of the dungeon, and saw 6 of its levels.
You also visited: Ossuary.

You collected 181 gold pieces.

Inventory:

Hand Weapons
 a - a +0 long sword
 n - a +0 hunting sling
 r - a +0 flail of protection
 x - the +0 mace of Wiofufig (weapon) {pain, *Slow rElec Str+4}
   (You found it on level 4 of the Dungeon)

   In the hands of one skilled in necromantic magic, it inflicts extra damage on
   living creatures.
   It affects your strength (+4).
   It insulates you from electricity.
   It may slow you when you take damage.
 B - a +0 scimitar
Missiles
 h - 128 stones (quivered)
 k - 40 sling bullets
 s - 9 poisoned needles
 t - 3 needles of sleeping
Armour
 b - a +0 scale mail
 c - a +1 shield (worn)
 p - a +0 ring mail (worn)
Jewellery
 w - a ring of protection from cold (right hand)
Wands
 z - a wand of random effects (14)
Scrolls
 e - 3 scrolls of enchant armour
 l - 2 scrolls of blinking
 m - 9 scrolls of identify
 o - 4 scrolls of teleportation
 u - 2 scrolls of remove curse
 v - 2 scrolls of amnesia {unknown}
 y - a scroll of fog {unknown}
Potions
 g - 3 potions of flight
 i - 3 potions of degeneration
 q - a potion of mutation
Comestibles
 f - 11 rations


   Skills:
 - Level 4.0(9.0) Fighting
 * Level 8.0(13.0) Long Blades
 - Level 4.3(9.3) Armour
 + Level 4.7(9.7) Shields


You had 7 spell levels left.
You didn't know any spells.
Your spell library was empty.

Dungeon Overview and Level Annotations

Branches:
Dungeon (5/15)             Temple (1/1) D:4

Altars:
Cheibriados
Dithmenos
Fedhas
Hepliaklqana
Kikubaaqudgha
Makhleb
Nemelex Xobeh
Okawaru
Ru
Sif Muna
Trog
Uskayaw
Vehumet
Wu Jian
Xom
Yredelemnul
Zin
Beogh


Innate Abilities, Weirdness & Mutations

A weak demonic guardian rushes to your aid.
When seriously injured, your bleeding wounds create thick armour. (AC +9)


Message History

You sock mechatronicus's ghost!
Mechatronicus's ghost is almost destroyed.
You feel sick.
Your ufetubus hits mechatronicus's ghost.
Mechatronicus's ghost is destroyed!
Okawaru is honoured by your kill.
Your Long Blades skill increases to level 8!
Your ufetubus hits the orc priest.
Your ufetubus barely misses the orc priest.
The orc priest hits your ufetubus with a +0 war axe.
Your ufetubus dies!
You gain the combat prowess of a mighty hero.
You feel sick. You block the orc's attack.
The orc priest shouts!
You hit the orc priest.
The orc priest is heavily wounded.
You feel sick.
The orc priest calls down the wrath of Beogh upon you.
Pain shoots through your body!
You die...

### ### #.# ### ###.. ### #.##
##.####..## ..## ##..####
##.#.#..### ...#
###.#...o####.##..### ##.##
####...##.@)o...(##..#
#..###.......#o###....##..# #
##......8........)o)..8#...# #
........######'('######....## ##
....#...#.............#.....# #.
...##...#....#####....#.....####.
..####..#.###.....###.#......##..
..# ##.#.#8#..8..#8#.#..........
..# #.#.............#....##....


You could see an orc priest and 2 orcs.

Vanquished Creatures
  The ghost of Descartes the Skirmisher, a novice FoAK of Lugonu (D:4)
  A wraith (Ossuary)
  An ice beast (D:2)
  A scorpion (D:5)
  3 wights (Ossuary)
  A bullfrog skeleton (D:4)
  2 orc wizards (D:4)
  Terence (D:3)
  5 worker ants
  4 gnolls (D:4)
  8 adders
  An ooze (D:5)
  2 adder skeletons
  An adder zombie (Ossuary)
  A worm (D:4)
  A dart slug (D:1)
  5 leopard geckos
  6 orcs
  5 ball pythons
  10 bats
  A giant cockroach (D:3)
  8 goblins
  6 hobgoblins
  7 jackals
  6 kobolds
  2 quokkas
  3 ball python skeletons (Ossuary)
  3 frilled lizards
  A hobgoblin zombie (Ossuary)
  A jackal skeleton (D:5)
  2 orc skeletons (Ossuary)
  2 orc zombies (Ossuary)
  A quokka skeleton (D:5)
  A quokka zombie (D:2)
  7 rats
111 creatures vanquished.

Vanquished Creatures (collateral kills)
  The ghost of mechatronicus the Cleaver, a novice MiMo (D:5)
  A wraith (Ossuary)
  2 centaurs (D:5)
  An iguana (D:5)
  3 adders (D:4)
  3 orcs (D:5)
11 creatures vanquished.

Grand Total: 122 creatures vanquished

Notes
Turn   | Place    | Note
-------+----------+-------------------------------------------
     0 | D:1      | Glamhuggeren the Demonspawn Fighter began the quest for the
                  | Orb.
     0 | D:1      | Reached XP level 1. HP: 18/18 MP: 1/1
    87 | D:1      | Reached skill level 2 in Long Blades
   110 | D:1      | Gained mutation: When seriously injured, your bleeding
                  | wounds create armour. (AC +9) [demonic ancestry]
   110 | D:1      | Reached XP level 2. HP: 24/24 MP: 2/2
   818 | D:2      | Gained mutation: When seriously injured, your bleeding
                  | wounds create thick armour. (AC +9) [demonic ancestry]
   818 | D:2      | Reached XP level 3. HP: 25/29 MP: 3/3
  1110 | D:2      | Reached XP level 4. HP: 32/35 MP: 4/4
  1188 | D:2      | Noticed an ice beast
  1209 | D:2      | Killed an ice beast
  1209 | D:2      | Reached skill level 3 in Long Blades
  1209 | D:2      | Gained mutation: A weak demonic guardian rushes to your
                  | aid. [demonic ancestry]
  1209 | D:2      | Reached XP level 5. HP: 8/42 MP: 5/5
  1680 | D:3      | Noticed Terence
  1687 | D:3      | Killed Terence
  2086 | D:3      | Reached skill level 4 in Long Blades
  2658 | D:4      | Found a runed translucent door.
  2674 | D:4      | Noticed Descartes's ghost (novice FoAK)
  2691 | D:4      | Reached XP level 6. HP: 48/48 MP: 6/6
  2720 | D:4      | Killed Descartes's ghost
  2720 | D:4      | Reached skill level 5 in Long Blades
  3167 | D:4      | Reached XP level 7. HP: 48/54 MP: 7/7
  3176 | D:4      | Found a sacrificial altar of Ru.
  3276 | D:4      | Found a staircase to the Ecumenical Temple.
  3285 | Temple   | Entered the Ecumenical Temple
  3389 | Temple   | Became a worshipper of Warmaster Okawaru
  4171 | D:4      | Got a bone mace
  4172 | D:4      | Identified the cursed +0 mace of Wiofufig {pain, *Slow
                  | rElec Str+4} (You found it on level 4 of the Dungeon)
  4350 | D:4      | Found a deep blue altar of Sif Muna.
  4358 | D:4      | Reached skill level 6 in Long Blades
  4518 | D:5      | Entered Level 5 of the Dungeon
  4562 | D:5      | Found a runed translucent gate.
  4563 | D:5      | Found a runed translucent gate.
  4564 | D:5      | Found a runed translucent gate.
  4564 | D:5      | Identified the +3 whip "Ystrua" {venom, rF- Int+7}
  4564 | D:5      | Noticed mechatronicus's ghost (novice MiMo)
  4658 | D:5      | Found a bloodstained altar of Trog.
  4941 | D:5      | Found a sand-covered staircase.
  5004 | Ossuary  | Entered an ossuary
  5414 | Ossuary  | Noticed a wraith
  5414 | Ossuary  | Noticed a flying skull
  5421 | Ossuary  | Noticed a flying skull
  5454 | Ossuary  | Noticed a flying skull
  5480 | Ossuary  | Noticed a flying skull
  5498 | Ossuary  | Noticed a wraith
  5515 | Ossuary  | Killed a wraith
  5515 | Ossuary  | Reached * piety under Okawaru
  5515 | Ossuary  | Reached skill level 7 in Long Blades
  5515 | Ossuary  | Reached XP level 8. HP: 33/60 MP: 8/8
  5644 | Ossuary  | Noticed a flying skull
  6215 | D:5      | Found an ornate altar of the Wu Jian Council.
  6218 | D:5      | Found a hide-covered altar of Uskayaw.
  6222 | D:5      | Found a basalt altar of Yredelemnul.
  6222 | D:5      | Found a sparkling altar of Nemelex Xobeh.
  6227 | D:5      | Found a snail-covered altar of Cheibriados.
  6416 | D:5      | Found a roughly hewn altar of Beogh.
  6461 | D:5      | Killed mechatronicus's ghost
  6461 | D:5      | Reached skill level 8 in Long Blades
  6463 | D:5      | Killed from afar by an orc priest

Skill      XL: |  1  2  3  4  5  6  7  8 |
---------------+-------------------------+-----
Long Blades    | 2 3 4 5 7 8 |  8.0
Shields        | 3 4 |  4.7
Armour         | 3 4 |  4.3
Fighting       | 4 |  4.0

Action                   |  1- 3 |  4- 6 |  7- 9 || total
-------------------------+-------+-------+-------++-------
Melee: Long sword        |   130 |    77 |       ||   207
       Flail             |       |   111 |    87 ||   198
       Mace              |       |       |   165 ||   165
Throw: Stone             |       |    20 |     1 ||    21
Invok: Heroism           |       |       |     1 ||     1
  Use: Scroll            |       |       |     8 ||     8
       Potion            |       |       |     5 ||     5
 Stab: Distracted        |       |       |     1 ||     1
  Eat: Chunk             |     1 |     7 |     7 ||    15
       Ration            |       |       |     2 ||     2
Armor: Scale mail        |    37 |       |       ||    37
       Ring mail         |    37 |    71 |    90 ||   198
Dodge: Dodged            |    62 |    47 |   109 ||   218
Block: Shield            |    74 |    98 |   164 ||   336
       Rpst.: Long sword |    15 |     5 |       ||    20
